TOP OF THE 1ST |
University of Conneticut Huskies batting - Pitching for Mississippi State University Bulldogs : LHP Josh Doyle
|
Pitching: LHP Josh Doyle
|
|
Batting: RHB Kyle Finney
|
0-0: Called Strike 0-1: Ball 1-1: Ball 2-1: Foul Ball, location: 2F 2-2: Ball 3-2: SINGLE (Flyball, 5D, EV 92.5 MPH)
|
Batting: LHB Andrew Barzee
|
0-0: Ball 1-0: Called Strike 1-1: Called Strike Kyle Finney steals 2nd base 1-2: Ball 2-2: Foul Ball, location: 2F 2-2: Ground out 6-3 (Groundball, 56, EV 106.9 MPH)
|
Batting: RHB Roku Kawano
|
0-0: Ball 1-0: Called Strike 1-1: Swinging Strike 1-2: Strikes out swinging
|
Batting: LHB Greg James
|
0-0: Ball 1-0: Ball 2-0: Ground out 1-3 (Groundball, 13, EV 71.2 MPH)
|
Top of the 1st over - 0 runs, 1 hit, 0 errors, 1 left on base; University of Conneticut 0 - Mississippi State University 0 |
BOTTOM OF THE 1ST |
Mississippi State University Bulldogs batting - Pitching for University of Conneticut Huskies : RHP Andy Barnitz
|
Pitching: RHP Andy Barnitz
|
|
Batting: RHB Freddie Kite
|
0-0: Called Strike 0-1: Swinging Strike 0-2: Ball 1-2: Ball 2-2: Foul Ball, location: 2F 2-2: Strikes out swinging
|
Batting: LHB Vinnie Kalman
|
0-0: Ball 1-0: Called Strike 1-1: Swinging Strike 1-2: Ball 2-2: Foul Ball, location: 2F 2-2: Ground out 4-3 (Groundball, 4, EV 88.1 MPH)
|
Batting: RHB Benito Gonzales
|
0-0: Foul Ball, location: 2F 0-1: Foul Ball, location: 2F 0-2: Ball 1-2: Strikes out swinging
|
Bottom of the 1st over - 0 runs, 0 hits, 0 errors, 0 left on base; University of Conneticut 0 - Mississippi State University 0 |
TOP OF THE 2ND |
University of Conneticut Huskies batting - Pitching for Mississippi State University Bulldogs : LHP Josh Doyle
|
Batting: LHB Hector Acosta
|
0-0: Called Strike 0-1: Foul Ball, location: 2F 0-2: Foul Ball, location: 2F 0-2: Strikes out swinging
|
Batting: RHB Victor Ramos
|
0-0: Swinging Strike 0-1: Called Strike 0-2: Ball 1-2: Ball 2-2: Strikes out swinging
|
Batting: RHB Jordan Nicholas
|
0-0: DOUBLE (Line Drive, 9LM, EV 113.1 MPH)
|
Batting: RHB Jack Vokey
|
0-0: Ball 1-0: Foul Ball, location: 2F 1-1: Ball 2-1: Foul Ball, location: 2F 2-2: Foul Ball, location: 2F 2-2: Ground out 5-3 (Groundball, 56S, EV 90.0 MPH)
|
Top of the 2nd over - 0 runs, 1 hit, 0 errors, 1 left on base; University of Conneticut 0 - Mississippi State University 0 |
BOTTOM OF THE 2ND |
Mississippi State University Bulldogs batting - Pitching for University of Conneticut Huskies : RHP Andy Barnitz
|
Batting: RHB Josh Stene
|
0-0: Swinging Strike 0-1: Fly out, F8 (Flyball, 89D, EV 102.5 MPH)
|
Batting: RHB Josh Simmons
|
0-0: Ball 1-0: Called Strike 1-1: SINGLE (Flyball, 8LS, EV 94.4 MPH)
|
Batting: RHB Alvin Abarca
|
0-0: Foul Ball, location: 2F 0-1: Ball 1-1: Swinging Strike 1-2: Foul Ball, location: 2F 1-2: Ball 2-2: Ball 3-2: Strikes out swinging
|
Batting: RHB Logan Strassburg
|
0-0: Ball 1-0: Called Strike 1-1: Foul Ball, location: 2F 1-2: Ball 2-2: Strikes out swinging
|
Bottom of the 2nd over - 0 runs, 1 hit, 0 errors, 1 left on base; University of Conneticut 0 - Mississippi State University 0 |
TOP OF THE 3RD |
University of Conneticut Huskies batting - Pitching for Mississippi State University Bulldogs : LHP Josh Doyle
|
Batting: LHB Omar Alba
|
0-0: Called Strike 0-1: Ball 1-1: Ball 2-1: Foul Ball, location: 2F 2-2: Strikes out swinging
|
Batting: RHB Kyle Finney
|
0-0: Ground out U3 (Groundball, 34, EV 104.4 MPH)
|
Batting: LHB Andrew Barzee
|
0-0: Foul Ball, location: 2F 0-1: Ball 1-1: Ball 2-1: Foul Ball, location: 2F 2-2: Ball 3-2: Strikes out swinging
|
Top of the 3rd over - 0 runs, 0 hits, 0 errors, 0 left on base; University of Conneticut 0 - Mississippi State University 0 |
BOTTOM OF THE 3RD |
Mississippi State University Bulldogs batting - Pitching for University of Conneticut Huskies : RHP Andy Barnitz
|
Batting: RHB Eric Riley
|
0-0: Fly out, F8 (Flyball, 89S, EV 92.5 MPH)
|
Batting: RHB Karl Lukasiewicz
|
0-0: Fly out, F6 (Popup, 6M, EV 71.2 MPH)
|
Batting: RHB Freddie Kite
|
0-0: SINGLE (Line Drive, 56D, EV 100.0 MPH)
|
Batting: LHB Vinnie Kalman
|
0-0: Called Strike 0-1: Foul Ball, location: 2F 0-2: Fly out, F7 (Flyball, 78S, EV 96.9 MPH)
|
Bottom of the 3rd over - 0 runs, 1 hit, 0 errors, 1 left on base; University of Conneticut 0 - Mississippi State University 0 |
TOP OF THE 4TH |
University of Conneticut Huskies batting - Pitching for Mississippi State University Bulldogs : LHP Josh Doyle
|
Batting: RHB Roku Kawano
|
0-0: Ground out 4-3 (Groundball, 4, EV 78.8 MPH)
|
Batting: LHB Greg James
|
0-0: Ball 1-0: Ball 2-0: Fly out, F9 (Line Drive, 89S, EV 90.0 MPH)
|
Batting: LHB Hector Acosta
|
0-0: Swinging Strike 0-1: Ball 1-1: Ball 2-1: Swinging Strike 2-2: Strikes out swinging
|
Top of the 4th over - 0 runs, 0 hits, 0 errors, 0 left on base; University of Conneticut 0 - Mississippi State University 0 |
BOTTOM OF THE 4TH |
Mississippi State University Bulldogs batting - Pitching for University of Conneticut Huskies : RHP Andy Barnitz
|
Batting: RHB Benito Gonzales
|
0-0: Called Strike 0-1: Ball 1-1: Ball 2-1: Foul Ball, location: 2F 2-2: Fly out, F8 (Flyball, 8RD, EV 98.1 MPH)
|
Batting: RHB Josh Stene
|
0-0: Called Strike 0-1: Ball 1-1: Foul Ball, location: 2F 1-2: Foul Ball, location: 2F 1-2: Strikes out swinging, 2-3 out at first.
|
Batting: RHB Josh Simmons
|
0-0: Called Strike 0-1: Ball 1-1: Ground out 5-3 (Groundball, 5, EV 85.6 MPH)
|
Bottom of the 4th over - 0 runs, 0 hits, 0 errors, 0 left on base; University of Conneticut 0 - Mississippi State University 0 |
TOP OF THE 5TH |
University of Conneticut Huskies batting - Pitching for Mississippi State University Bulldogs : LHP Josh Doyle
|
Pitching: RHP Rich Martinez
|
|
Batting: RHB Victor Ramos
|
0-0: Called Strike 0-1: Ground out 3-1 (Groundball, 34S, EV 80.6 MPH)
|
Batting: RHB Jordan Nicholas
|
0-0: Reached on error, E5 (Groundball, 5L, EV 98.1 MPH)
|
Batting: RHB Jack Vokey
|
0-0: Ground out 6-3 (Groundball, 6M, EV 84.4 MPH) Jordan Nicholas to third
|
Batting: LHB Omar Alba
|
0-0: Called Strike 0-1: Ball 1-1: Fly out, F8 (Flyball, 8LD, EV 88.1 MPH)
|
Top of the 5th over - 0 runs, 0 hits, 1 error, 1 left on base; University of Conneticut 0 - Mississippi State University 0 |
BOTTOM OF THE 5TH |
Mississippi State University Bulldogs batting - Pitching for University of Conneticut Huskies : RHP Andy Barnitz
|
Batting: RHB Alvin Abarca
|
0-0: Ball 1-0: Ball 2-0: Ball 3-0: Called Strike 3-1: Foul Ball, location: 2F 3-2: Strikes out swinging
|
Batting: RHB Logan Strassburg
|
0-0: Foul Ball, location: 2F 0-1: Ball 1-1: Ball 2-1: Foul Ball, location: 2F 2-2: Ground out 6-3 (Groundball, 6M, EV 91.9 MPH)
|
Batting: RHB Eric Riley
|
0-0: Ball 1-0: Ball 2-0: Swinging Strike 2-1: Ball 3-1: Swinging Strike 3-2: Strikes out swinging
|
Bottom of the 5th over - 0 runs, 0 hits, 0 errors, 0 left on base; University of Conneticut 0 - Mississippi State University 0 |
TOP OF THE 6TH |
University of Conneticut Huskies batting - Pitching for Mississippi State University Bulldogs : RHP Rich Martinez
|
Batting: RHB Kyle Finney
|
0-0: Ball 1-0: Fly out, F8 (Flyball, 8LM, EV 88.8 MPH)
|
Batting: LHB Andrew Barzee
|
0-0: Called Strike 0-1: Called Strike 0-2: Ball 1-2: Ball 2-2: Ball 3-2: Strikes out swinging
|
Batting: RHB Roku Kawano
|
0-0: Ball 1-0: Called Strike 1-1: Ball 2-1: SINGLE (Groundball, P, EV 83.1 MPH) (infield hit)
|
Batting: LHB Greg James
|
0-0: Foul Ball, location: 2F 0-1: Foul Ball, location: 2F 0-2: Ground out 4-3 (Groundball, 4, EV 83.8 MPH)
|
Top of the 6th over - 0 runs, 1 hit, 0 errors, 1 left on base; University of Conneticut 0 - Mississippi State University 0 |
BOTTOM OF THE 6TH |
Mississippi State University Bulldogs batting - Pitching for University of Conneticut Huskies : RHP Andy Barnitz
|
Batting: RHB Karl Lukasiewicz
|
0-0: Ball 1-0: Ground out 6-3 (Groundball, P, EV 77.5 MPH)
|
Batting: RHB Freddie Kite
|
0-0: Ground out 5-3 (Groundball, 5, EV 86.9 MPH)
|
Batting: LHB Vinnie Kalman
|
0-0: Foul Ball, location: 2F 0-1: Ball 1-1: Called Strike 1-2: Ball 2-2: Ball 3-2: Base on Balls
|
Pitching: LHP Alex Membreno
|
|
Batting: RHB Benito Gonzales
|
0-0: Ball 1-0: Ball 2-0: Foul Ball, location: 2F 2-1: Ball 3-1: Foul Ball, location: 2F 3-2: Base on Balls Vinnie Kalman to second
|
Batting: RHB Josh Stene
|
0-0: Called Strike 0-1: Swinging Strike 0-2: Strikes out looking
|
Bottom of the 6th over - 0 runs, 0 hits, 0 errors, 2 left on base; University of Conneticut 0 - Mississippi State University 0 |
TOP OF THE 7TH |
University of Conneticut Huskies batting - Pitching for Mississippi State University Bulldogs : RHP Rich Martinez
|
Pitching: LHP Terry Sanders
|
|
Batting: LHB Hector Acosta
|
0-0: Called Strike 0-1: Ball 1-1: Swinging Strike 1-2: Ground out U3 (Groundball, 3, EV 84.4 MPH)
|
Batting: RHB Victor Ramos
|
0-0: Swinging Strike 0-1: Ball 1-1: Swinging Strike 1-2: Strikes out swinging
|
Batting: RHB Jordan Nicholas
|
0-0: Ground out 6-3 (Groundball, 56, EV 101.2 MPH)
|
Top of the 7th over - 0 runs, 0 hits, 0 errors, 0 left on base; University of Conneticut 0 - Mississippi State University 0 |
BOTTOM OF THE 7TH |
Mississippi State University Bulldogs batting - Pitching for University of Conneticut Huskies : LHP Alex Membreno
|
Pitching: RHP Hyun-kyoo Kim
|
|
Batting: RHB Josh Simmons
|
0-0: Ball 1-0: Foul Ball, location: 2F 1-1: Foul Ball, location: 2F 1-2: Fly out, F8 (Line Drive, 89D, EV 95.6 MPH)
|
Batting: RHB Alvin Abarca
|
0-0: Ball 1-0: Ball 2-0: Fly out, F7 (Flyball, 7D, EV 93.8 MPH)
|
Pitching: RHP Nick Rice
|
|
Batting: RHB Logan Strassburg
|
0-0: Fly out, F7 (Line Drive, 7S, EV 101.9 MPH)
|
Bottom of the 7th over - 0 runs, 0 hits, 0 errors, 0 left on base; University of Conneticut 0 - Mississippi State University 0 |
TOP OF THE 8TH |
University of Conneticut Huskies batting - Pitching for Mississippi State University Bulldogs : LHP Terry Sanders
|
Batting: RHB Jack Vokey
|
0-0: Ball 1-0: Fly out, F9 (Line Drive, 89M, EV 89.4 MPH)
|
Pinch Hitting: RHB Phil Hilton
|
0-0: Swinging Strike 0-1: DOUBLE (Line Drive, 89M, EV 95.0 MPH)
|
Batting: RHB Kyle Finney
|
0-0: Called Strike 0-1: Swinging Strike 0-2: Ball 1-2: Fly out, F8 (Flyball, 8LD, EV 96.2 MPH)
|
Batting: LHB Andrew Barzee
|
0-0: Ball 1-0: Ground out 2-3 (Groundball, 2R, EV 67.5 MPH)
|
Top of the 8th over - 0 runs, 1 hit, 0 errors, 1 left on base; University of Conneticut 0 - Mississippi State University 0 |
BOTTOM OF THE 8TH |
Mississippi State University Bulldogs batting - Pitching for University of Conneticut Huskies : RHP Nick Rice
|
Now in CF: Phil Hilton
|
|
Batting: RHB Eric Riley
|
0-0: Called Strike 0-1: Called Strike 0-2: Ball 1-2: Foul Ball, location: 2F 1-2: Foul Ball, location: 2F 1-2: Strikes out looking
|
Batting: RHB Karl Lukasiewicz
|
0-0: Fly out, F9 (Flyball, 9LD, EV 94.4 MPH)
|
Batting: RHB Freddie Kite
|
0-0: Called Strike 0-1: Called Strike 0-2: Strikes out swinging
|
Bottom of the 8th over - 0 runs, 0 hits, 0 errors, 0 left on base; University of Conneticut 0 - Mississippi State University 0 |
TOP OF THE 9TH |
University of Conneticut Huskies batting - Pitching for Mississippi State University Bulldogs : LHP Terry Sanders
|
Batting: RHB Roku Kawano
|
0-0: SINGLE (Line Drive, 3D, EV 108.1 MPH)
|
Batting: LHB Greg James
|
0-0: Called Strike 0-1: Ball 1-1: Ball 2-1: Ball 3-1: Foul Ball, location: 2F 3-2: Foul Ball, location: 2F 3-2: Base on Balls Roku Kawano to second
|
Batting: LHB Hector Acosta
|
0-0: Ball 1-0: Ball 2-0: SINGLE (Groundball, 6MD, EV 101.9 MPH) (infield hit) Roku Kawano to third Greg James to second
|
Pitching: RHP Esteban Vidal
|
|
Batting: RHB Victor Ramos
|
0-0: Called Strike 0-1: DOUBLE (Groundball, 3L, EV 105.0 MPH) Roku Kawano scores Greg James scores Hector Acosta to third
|
Batting: RHB Jordan Nicholas
|
0-0: Intentional Walk
|
Batting: RHB Jack Vokey
|
0-0: Foul Ball, location: 2F 0-1: Foul Ball, location: 2F 0-2: Ball 1-2: Ball 2-2: Ball 3-2: Base on Balls Hector Acosta scores Victor Ramos to third Jordan Nicholas to second
|
Batting: RHB Phil Hilton
|
0-0: Swinging Strike 0-1: Ball 1-1: Swinging Strike 1-2: Ball 2-2: Strikes out swinging
|
Batting: RHB Kyle Finney
|
0-0: Ball Wild Pitch! Victor Ramos scores Jordan Nicholas to third Jack Vokey to second 1-0: Ball 2-0: Swinging Strike 2-1: Foul Ball, location: 2F 2-2: Foul Ball, location: 2F 2-2: Ball 3-2: Base on Balls
|
Pitching: RHP Randy Richardson
|
|
Batting: LHB Andrew Barzee
|
0-0: Foul Ball, location: 2F 0-1: Called Strike 0-2: Ball 1-2: SINGLE (Groundball, 34D, EV 100.6 MPH) Jordan Nicholas scores Jack Vokey to third Kyle Finney to second Runner from 3rd tries for Home, throw by RF and OUT! 9-2 Kyle Finney to third Andrew Barzee to second
|
Batting: RHB Roku Kawano
|
0-0: Foul Ball, location: 2F 0-1: Foul Ball, location: 2F 0-2: Foul Ball, location: 2F 0-2: Ball 1-2: Ball 2-2: Fly out, F9 (Line Drive, 9LM, EV 98.8 MPH)
|
Top of the 9th over - 5 runs, 4 hits, 0 errors, 2 left on base; University of Conneticut 5 - Mississippi State University 0 |
BOTTOM OF THE 9TH |
Mississippi State University Bulldogs batting - Pitching for University of Conneticut Huskies : RHP Nick Rice
|
Batting: LHB Vinnie Kalman
|
0-0: Ball 1-0: Foul Ball, location: 2F 1-1: Ball 2-1: Ball 3-1: Called Strike 3-2: Base on Balls
|
Batting: RHB Benito Gonzales
|
0-0: Swinging Strike 0-1: Ball 1-1: Fly out, F8 (Flyball, 8RXD, EV 91.9 MPH)
|
Batting: RHB Josh Stene
|
0-0: Fly out, F7 (Flyball, 78M, EV 81.2 MPH)
|
Pinch Hitting: RHB Alexis Gallegos
|
0-0: Ball 1-0: Called Strike 1-1: Foul Ball, location: 2F 1-2: Ball 2-2: Ball 3-2: Strikes out looking
|
Bottom of the 9th over - 0 runs, 0 hits, 0 errors, 1 left on base; University of Conneticut 5 - Mississippi State University 0 |
|